 Dungeon Crawl Stone Soup version 0.26-a0-682-g294304f6e8 (webtiles) character file.

Game seed: 12613631302538132452

8995 Kinoniko the Spear-Bearer (level 11, -1/127 HPs)
             Began as an Ogre Berserker on Oct 19, 2020.
             Was a High Priest of Trog.
             Slain by a freezing wraith (9 damage)
             ... on level 10 of the Dungeon.
             The game lasted 00:17:46 (10160 turns).

Kinoniko the Spear-Bearer (Ogre Berserker)         Turns: 10160, Time: 00:17:47

Health: -1/127     AC:  9    Str: 26    XL:     11   Next: 39%
Magic:  0/11       EV: 10    Int:  8    God:    Trog [*****.]
Gold:   621        SH:  0    Dex:  8    Spells: 10/10 levels left

rFire    . . .     SeeInvis .   G - +1 halberd (vorpal)
rCold    . . .     Faith    .   (shield currently unavailable)
rNeg     . . .     Spirit   +   n - +0 troll leather armour
rPois    +         Reflect  .   (helmet restricted)
rElec    .         Harm     .   (no cloak)
rCorr    .         Rampage  .   (gloves unavailable)
MR       +....                  (boots unavailable)
Stlth    +.........             E - amulet of guardian spirit
HPRegen  0.71/turn              f - +4 ring of protection
MPRegen  0.12/turn              t - ring of poison resistance

@: berserk cooldown, slowed, studying Slings, very slow
A: large, unfitting armour, tough skin 1
a: Berserk, Trog's Hand, Brothers in Arms, Renounce Religion


You were on level 10 of the Dungeon.
You worshipped Trog.
Trog was extremely pleased with you.
You visited 1 branch of the dungeon, and saw 10 of its levels.

You collected 621 gold pieces.

Inventory:

Hand Weapons
 a - a +1 spear
 z - a +3 trident
 G - a +1 vorpal halberd (weapon)
Armour
 b - a +0 animal skin
 n - a +0 troll leather armour (worn)
 A - a +2 robe of fire resistance
 B - a +2 robe of cold resistance
Jewellery
 c - a +6 ring of intelligence
 f - a +4 ring of protection (left hand)
 j - an uncursed ring of fire
 o - an uncursed ring of fire
 t - a ring of poison resistance (right hand)
 u - an uncursed ring of protection from fire
 E - an amulet of guardian spirit (around neck)
 H - an uncursed ring of wizardry
Wands
 l - a wand of flame (14)
 y - a wand of polymorph (12)
Scrolls
 h - 6 scrolls of remove curse
 k - a scroll of fog
 r - a scroll of magic mapping
 w - a scroll of enchant weapon
 F - a scroll of identify
Potions
 e - 2 potions of lignification
 g - a potion of magic
 i - 3 potions of curing
 m - 5 potions of flight
 p - 2 potions of degeneration
 q - a potion of mutation {unknown}
 s - a potion of ambrosia {unknown}
 v - 2 potions of brilliance
 C - a potion of stabbing {unknown}
 D - 2 potions of might
Books
 x - a manual of Slings


   Skills:
 + Level 13.2 Fighting
 * Level 14.0 Polearms
 - Level 2.7 Dodging


You had 10 spell levels left.
You didn't know any spells.
Your spell library contained the following spells:

 Spells                   Type           Power        Failure   Level
 Foxfire                  Conj/Fire      #...         45%         1
 Confusing Touch          Hex            #.......     83%         3
 Conjure Flame            Conj/Fire      #.......     83%         3
 Gell's Gravitas          Tloc           #.........   83%         3
 Inner Flame              Hex/Fire       #.......     83%         3
 Petrify                  Tmut/Erth      #.......     99%         4
 Sticky Flame             Conj/Fire      #.......     99%         4
 Fireball                 Conj/Fire      #.........   100%        5
 Metabolic Englaciation   Hex/Ice        #.........   100%        5
 Yara's Violent Unravell  Hex/Tmut       #.........   100%        5


Dungeon Overview and Level Annotations

Branches:
Dungeon (10/15)            Temple (0/1) D:6            Lair (0/6) D:8
    Orc (0/2) D:10

Altars:
Cheibriados
Nemelex Xobeh
Ru
Sif Muna
Trog
Uskayaw
Vehumet

Shops:
D:6 :


Innate Abilities, Weirdness & Mutations

You are too large for most types of armour.
You have tough skin. (AC +1)


Message History

You feel as though you will be slow longer.
The eye of draining gazes at you.
You feel your power leaking away. The freezing wraith hits you.
The freezing wraith freezes you!
* * * LOW HITPOINT WARNING * * *
The freezing wraith hits you!
* * * LOW HITPOINT WARNING * * *
Okay, then.
As you read the scroll of fog, it crumbles to dust.
The scroll dissolves into smoke.
The freezing wraith hits you but does no damage.
The freezing wraith completely misses you.
The freezing wraith hits you!
* * * LOW HITPOINT WARNING * * *
The freezing wraith freezes you!
* * * LOW HITPOINT WARNING * * *
The freezing wraith hits you but does no damage.
The freezing wraith hits you but does no damage.
The freezing wraith hits you!
You die... #.# #.#( .e #.#..#.#..#.#.# # .##..# #. #..#..#.)#..#.# ## .#..##. ########(.#...#..##.# .## ...#. ##.....###..#.#..##..# ..## Gc.

##)......###..#..##...#
#..###)####..####...####'###..###
#..##e(#.#.###§§###..#.....#..###
#..#.#..####§§§§§.##.#.....#.....
#..#..#.eT.§§§J#@....'##.###..##.
#..##..#l#c##§§W†..###....[#..##.
...#.#..##..###T.### #.....#.....
##.########...#### ########.###.
#.........##.... ##........###.
#.#........##.....##..#..........
.......[[...#######..############
#.###......).)[(....##
...######.#######>###


You could see a freezing wraith and a troll.

Vanquished Creatures
  A two-headed ogre (D:10)
  An unseen horror (D:10)
  Pikel (D:6)
  A kobold demonologist (D:10)
  2 trolls
  A wyvern (D:10)
  Sigmund (D:6)
  A vampire (D:10)
  A wraith (D:10)
  Eustachio (D:6)
  3 yaks (D:10)
  Duvessa (D:7)
  A water moccasin (D:6)
  An ice beast (D:8)
  10 orc warriors
  A sky beast (D:8)
  2 black bears (D:10)
  A phantom (D:5)
  8 ogres
  A necrophage (D:8)
  A centaur (D:10)
  5 bullfrogs
  Blork the orc (D:9)
  Dowan (D:7)
  A water moccasin zombie (D:8)
  2 wyvern skeletons
  2 scorpions
  2 water moccasin skeletons
  7 killer bees
  3 howler monkeys
  2 centaur zombies
  15 orc priests
  4 hounds
  2 jellies
  A centaur skeleton (D:8)
  Jessica (D:3)
  An iguana (D:10)
  14 orc wizards
  7 worker ants
  A hound skeleton (D:8)
  A worker ant zombie (D:6)
  7 gnolls (D:4)
  13 adders
  A shadow imp (D:5)
  4 white imps
  2 ufetubi
  3 oozes
  4 worms
  A dart slug (D:1)
  3 leopard geckos
  54 orcs
  3 giant cockroaches
  8 goblins
  3 hobgoblins
  6 jackals
  5 kobolds
  5 quokkas
  3 ball pythons
  10 bats
  3 frilled lizards
  2 leopard gecko skeletons
  A quokka skeleton (D:4)
  A quokka zombie (D:8)
  3 rats
259 creatures vanquished.

Vanquished Creatures (collateral kills)
  A wraith (D:10)
  4 yaks (D:10)
  A water moccasin (D:10)
  A bullfrog (D:10)
  6 orcs (D:10)
13 creatures vanquished.

Grand Total: 272 creatures vanquished

Notes
Turn   | Place    | Note
-------+----------+-------------------------------------------
     0 | D:1      | Kinoniko the Ogre Berserker began the quest for the Orb.
     0 | D:1      | Reached XP level 1. HP: 24/24 MP: 1/1
   209 | D:1      | Reached XP level 2. HP: 27/32 MP: 2/2
  1022 | D:2      | Found a bloodstained altar of Trog.
  1022 | D:2      | Found a hide-covered altar of Uskayaw.
  1023 | D:2      | Found a sparkling altar of Nemelex Xobeh.
  1069 | D:2      | Found a snail-covered altar of Cheibriados.
  1143 | D:2      | Reached XP level 3. HP: 39/39 MP: 3/3
  1248 | D:2      | Reached skill level 4 in Polearms
  1876 | D:3      | Reached ** piety under Trog
  1996 | D:3      | Reached XP level 4. HP: 49/49 MP: 4/4
  2066 | D:3      | Noticed Jessica
  2069 | D:3      | Killed Jessica
  2119 | D:3      | Reached skill level 5 in Fighting
  2439 | D:3      | Reached XP level 5. HP: 55/57 MP: 5/5
  2546 | D:3      | Reached skill level 5 in Polearms
  3016 | D:4      | Reached XP level 6. HP: 67/67 MP: 6/6
  3149 | D:4      | Reached skill level 6 in Polearms
  3360 | D:4      | You fall into a shaft and drop 1 floor!
  3360 | D:5      | Entered Level 5 of the Dungeon
  3554 | D:5      | Reached XP level 7. HP: 57/76 MP: 7/7
  3747 | D:5      | Reached skill level 7 in Polearms
  3849 | D:5      | Reached *** piety under Trog
  4561 | D:5      | Reached skill level 8 in Polearms
  4561 | D:5      | Reached XP level 8. HP: 88/88 MP: 8/8
  4868 | D:5      | Found a sacrificial altar of Ru.
  5101 | D:6      | Noticed Pikel
  5111 | D:6      | Killed Pikel
  5111 | D:6      | Reached skill level 9 in Polearms
  5142 | D:6      | Noticed Sigmund
  5163 | D:6      | Reached XP level 9. HP: 89/98 MP: 9/9
  5180 | D:6      | Killed Sigmund
  5287 | D:6      | Found a staircase to the Ecumenical Temple.
  5333 | D:6      | Reached skill level 10 in Polearms
  5410 | D:6      | Found Ufeetrimo's Book Boutique.
  5498 | D:6      | Noticed Eustachio
  5518 | D:6      | Killed Eustachio
  5933 | D:7      | Noticed Dowan
  5933 | D:7      | Noticed Duvessa
  5945 | D:7      | Killed Duvessa
  5945 | D:7      | Reached skill level 10 in Fighting
  5947 | D:7      | Killed Dowan
  6287 | D:7      | Reached **** piety under Trog
  6301 | D:7      | Reached skill level 11 in Polearms
  6618 | D:7      | Found a radiant altar of Vehumet.
  6731 | D:7      | Noticed a troll
  6738 | D:7      | Killed a troll
  6932 | D:8      | Reached XP level 10. HP: 111/111 MP: 10/10
  7205 | D:8      | Found a staircase to the Lair.
  7235 | D:8      | Reached skill level 12 in Polearms
  8285 | D:9      | Noticed Blork the orc
  8296 | D:9      | Killed Blork the orc
  8300 | D:9      | Found a shimmering blue altar of Sif Muna.
  8446 | D:9      | You fall into a shaft and drop 1 floor!
  8446 | D:10     | Entered Level 10 of the Dungeon
  8470 | D:10     | Killed an unseen horror
  8545 | D:10     | Reached skill level 13 in Polearms
  8641 | D:10     | Reached XP level 11. HP: 124/124 MP: 6/11
  9412 | D:10     | Reached ***** piety under Trog
  9818 | D:10     | Found a staircase to the Orcish Mines.
  9925 | D:10     | Noticed a two-headed ogre
  9967 | D:10     | Killed a two-headed ogre
 10086 | D:10     | Received a gift from Trog
 10123 | D:10     | Reached skill level 14 in Polearms
 10145 | D:10     | Noticed a deep elf mage
 10158 | D:10     | HP: 6/127 [freezing wraith (10)]
 10160 | D:10     | Slain by a freezing wraith

Illustrated notes

Levels and vault maps discovered:
D:1:      ncdulo_wetmaze, layout_loops_ring, lemuel_old_faithful
D:2:      layout_basic, gammafunk_temple_overflow_claw,
          overflow_temple_1_default, chequers_jeans, kennysheep_generic_room_5
D:3:      layout_basic, kennysheep_another_room, kennysheep_generic_room_2,
          uniq_jessica
D:4:      layout_cave_pools
D:5:      layout_rooms, marbit_many_paths
D:6:      layout_loops_cross, minmay_temple_entry_stoned_glass, serial_shops,
          nicolae_shop_temple_entry_statues_fountains, minmay_misc_feat_rugged,
          uniq_sigmund, uniq_eustachio, uniq_pikel
D:7:      layout_gridville, vehumet_altar_wand_db, uniq_duvessa
D:8:      layout_basic, lair_entry_dummy
D:9:      layout_irregular_city, tgw_sif
D:10:     minmay_the_grid_octo_tiled_squarecenter
          [minmay_the_grid_octo_thin_diamonds, minmay_the_grid_octo_odd_swirl,
          minmay_the_grid_octo_pinwheel, minmay_the_grid_octo_concentric,
          minmay_the_grid_square_5x5_megaprize_diamond,
          minmay_the_grid_square_5x5_lines, minmay_the_grid_square_5x5_bridge,
          minmay_the_grid_square_5x5_inset,
          minmay_the_grid_square_5x5_eight_small], layout_loops_cross,
          david_orc_4, minmay_misc_feat_hallway, lightli_orcish_oven

Skill      XL: |  1  2  3  4  5  6  7  8  9 10 11 |
---------------+----------------------------------+-----
Polearms       | 4 5 6 8 9 11 13 14 | 14.0
Fighting       | 5 6 7 9 10 12 13 | 13.2
Dodging        | |  2.7

Action                   |  1- 3 |  4- 6 |  7- 9 | 10-12 || total
-------------------------+-------+-------+-------+-------++-------
Melee: Spear             |   120 |   189 |   318 |   299 ||   926
       Trident           |       |       |       |   124 ||   124
       Halberd           |       |       |       |    15 ||    15
Invok: Berserk           |     4 |     9 |    17 |    16 ||    46
       Trog's Hand       |       |       |     2 |     3 ||     5
       Brothers in Arms  |       |       |       |     2 ||     2
  Use: Scroll            |     1 |     2 |    12 |    13 ||    28
       Potion            |       |       |     4 |     7 ||    11
 Stab: Sleeping          |     3 |     1 |     1 |       ||     5
Armor: Animal skin       |    40 |    41 |    20 |       ||   101
       Robe              |       |       |    28 |       ||    28
       Troll leather arm |       |       |     6 |   125 ||   131
Dodge: Dodged            |    48 |    71 |    79 |   142 ||   340

Table legend: (Time is in decaauts)
 A = Elapsed time spent in this place.
 B = Non-inter-level travel time spent in this place.
 C = Inter-level travel time spent in this place.
 D = Time resting spent in this place.
 E = Time spent auto-exploring this place.
 F = Levels seen in this place.
 G = Mean time per level.
                   A        B        C        D        E       F      G
               +--------+--------+--------+--------+--------+-----+--------+
         Total |  10169 |  10043 |    126 |   3479 |   4974 |  10 | 1016.9 |
       Dungeon |  10169 |  10043 |    126 |   3479 |   4974 |  10 | 1016.9 |
               +--------+--------+--------+--------+--------+-----+--------+

Top non-repeatable levels by time:
    D:10: 1458 daAuts
     D:3: 1103 daAuts
     D:2: 1093 daAuts
     D:7: 1069 daAuts
     D:5: 1063 daAuts
     D:4: 929 daAuts
     D:6: 893 daAuts
     D:9: 890 daAuts
     D:8: 858 daAuts
     D:1: 807 daAuts
